[Event "Late-Titled-Tuesday-Blitz-April-02-2024"]
[Site "Chess.com"]
[Date "2024.04.02"]
[Round "9"]
[White "GMBenjaminBok"]
[Black "temus_galaktionov"]
[Result "0-1"]
[WhiteElo "2994"]
[BlackElo "2876"]
[TimeControl "180+1"]
[EndTime "15:41:54 PDT"]
[Termination "temus_galaktionov won on time"]

1. d4 c6 2. c4 g6 3. Nf3 Bg7 4. Nc3 d6 5. g3 Nd7 6. Bg2 Ngf6 7. O-O O-O 8. e4 e5 9. Be3 a5 10. h3 exd4 11. Nxd4 Re8 12. Qc2 Nc5 13. Rfe1 a4 14.
Rad1 Qa5 15. Bf4 Bf8 16. Nf3 Rd8 17. Rd2 Qb4 18. Bf1 Be6 19. Red1 Bxc4 20. Rd4 b5 21. e5 Nfd7 22. Bd2 Ne6 23. Ne4 Nxd4 24. Nxd4 Bb3 25.
Bxb4 Bxc2 26. Nxc2 Nxe5 27. Kg2 c5 28. Bc3 b4 29. Bxe5 dxe5 30. Ne3 Rd4 0-1

[Event "Late-Titled-Tuesday-Blitz-April-02-2024"]
[Site "Chess.com"]
[Date "2024.04.02"]
[Round "9"]
[White "cthake"]
[Black "ChempionBg"]
[Result "0-1"]
[WhiteElo "1816"]
[BlackElo "2243"]
[TimeControl "180+1"]
[EndTime "15:41:57 PDT"]
[Termination "ChempionBg won by resignation"]

1. e4 c5 2. Nf3 d6 3. c3 Nf6 4.
Bb5+ Bd7 5. Bxd7+ Qxd7 6. d3 g6 7. O-O Bg7 8. Re1 O-O 9. d4 cxd4 10. cxd4 d5 11. e5 Ne4 12. Nbd2 Nxd2 13. Bxd2 e6 14.
Rc1 Nc6 15. Qa4 Rfc8 16. Be3 a6 17. h3 b5 18. Qb3 Na5 19. Qd1 Bf8 20. b3 Ba3 21.
Rxc8+ Rxc8 22. Qd2 b4 23. Bg5 Rc6 24. Bf6 Qc8 25. h4 Rc2 26. Qh6 Qf8 27. Qg5 Rxa2 28. h5 Nxb3 29. hxg6 fxg6 30. Nh4 Qf7 31. Re3 Nxd4 32.
Rh3 Bc1 33. Qg3 Ne2+ 0-1

[Event "Late-Titled-Tuesday-Blitz-April-02-2024"]
[Site "Chess.com"]
[Date "2024.04.02"]
[Round "9"]
[White "Inepton_Fermion"]
[Black "Crazy_girl99"]
[Result "1-0"]
[WhiteElo "2480"]
[BlackElo "2611"]
[TimeControl "180+1"]
[EndTime "15:41:58 PDT"]
[Termination "Inepton_Fermion won by checkmate"]

1. d4 Nf6 2. Nc3 d5 3. Bg5 e6 4. e4 dxe4 5. Nxe4 Be7 6. Bxf6 Bxf6 7. Nf3 b6 8. Qd2 Bb7 9. Qf4 O-O 10. O-O-O Nd7 11.
Ne5 Be7 12. Bd3 Nf6 13. Nxf6+ Bxf6 14. h4 Qd5 15. c4 Qa5 16. Nd7 Be7 17. Nxf8 Bxf8 18. Kb1 c5 19. d5 exd5 20. cxd5 b5 21. h5 c4 22. Bc2 Qb4 23. Qe4 g6 24. hxg6 hxg6 25. a3 Qd6 26. f4 Bc8 27. Qe5 Bg4 28.
Qh8# 1-0

[Event "Late-Titled-Tuesday-Blitz-April-02-2024"]
[Site "Chess.com"]
[Date "2024.04.02"]
[Round "9"]
[White "kleber2007"]
[Black "newauto"]
[Result "1-0"]
[WhiteElo "2451"]
[BlackElo "2193"]
[TimeControl "180+1"]
[EndTime "15:42:03 PDT"]
[Termination "kleber2007 won by resignation"]

1. b3 d5 2. Bb2 c5 3. Nf3 Nc6 4. d4 Bg4 5. Nbd2 e6 6. e3 cxd4 7. exd4 Nf6 8. Bd3 Bb4 9. c3 Bd6 10. h3 Bh5 11. O-O O-O 12. a3 Re8 13. c4 Bg6 14. Bxg6 hxg6 15. c5 Bf4 16. b4 a6 17. Nb3 Rc8 18. Nc1 Ne4 19. Nd3 Bb8 20.
a4 Qc7 21. b5 Ng5 22. Nde1 Na5 23. b6 Qf4 24. Bc1 Nxf3+ 25. Nxf3 Qf5 26. g4 Qe4 27. Re1 Qxe1+ 28. Qxe1 Nc4 29. Nd2 Na5 30. Bb2 Nc6 31. Nf3 Bf4 32. Rd1 g5 33. Qc3 g6 34.
Kg2 Kg7 35. Bc1 Rh8 36. Bxf4 gxf4 37. Ne5 Nxe5 38. dxe5 g5 39. Qd4 Rc6 40. Rc1 Rh4 41. Rc3 Kf8 42. a5 Ke7 43. Rc1 Rh6 44. h4 Rxh4 45.
f3 Rc8 46. Rh1 Rch8 47. Rxh4 Rxh4 48. c6 bxc6 49. Qc5+ Kd7 50. Qd6+ Ke8 51. b7 1-0

[Event "Late-Titled-Tuesday-Blitz-April-02-2024"]
[Site "Chess.com"]
[Date "2024.04.02"]
[Round "9"]
[White "Kapitan_Bayan"]
[Black "pooh2012"]
[Result "0-1"]
[WhiteElo "2268"]
[BlackElo "2469"]
[TimeControl "180+1"]
[EndTime "15:42:05 PDT"]
[Termination "pooh2012 won by resignation"]

1. e4 c6 2. d4 d5 3. exd5 cxd5 4.
Bd3 Nc6 5. c3 g6 6. Nf3 Bf5 7.
Ne5 Nxe5 8. dxe5 Bxd3 9. Qxd3 Bg7 10. Bf4 e6 11. Nd2 Ne7 12. h4 h5 13. O-O-O Qa5 14. Kb1 Rc8 15. f3 Nc6 16. Rhe1 Qa4 17. Bg3 O-O 18.
Nb3 b6 19. Nd4 Nxd4 20. Qxd4 Qb5 21. Bf2 Rc4 22. Qd2 Rfc8 23. Ka1 Kh7 24. Bd4 Bh6 25. Qe2 Qa5 26. g4 Ra4 27. b4 Qa6 28. Qxa6 Rxa6 29.
gxh5 gxh5 30. Rg1 Ra4 31. Kb2 a5 32. Kb3 b5 33. Bc5 axb4 34. cxb4 Rca8 35. Ra1 Ra3+ 36.
Kb2 Rxf3 37. a4 bxa4 38. Rxa4 Rxa4 0-1

[Event "Late-Titled-Tuesday-Blitz-April-02-2024"]
[Site "Chess.com"]
[Date "2024.04.02"]
[Round "9"]
[White "sorch29"]
[Black "trriinu"]
[Result "1-0"]
[WhiteElo "2426"]
[BlackElo "2278"]
[TimeControl "180+1"]
[EndTime "15:42:06 PDT"]
[Termination "sorch29 won on time"]

1. Nf3 g6 2. g3 Bg7 3. d4 c6 4. e4 d6 5. Bg2 Nf6 6. Nc3 O-O 7. O-O Bg4 8. Be3 Qc8 9. a4 Bh3 10. Qe2 Bxg2 11. Kxg2 Nbd7 12. e5 Ng4 13. Bf4 Re8 14.
e6 Ndf6 15. exf7+ Kxf7 16. Ng5+ Kg8 17. Ne6 Nh6 18. Rae1 Nf5 19. g4 Nxd4 20. Nxd4 Qxg4+ 21. Qxg4 Nxg4 22. Ne6 Rac8 23. h3 Nf6 24. Re2 Nh5 25.
Rfe1 Bf6 26. Bg3 d5 27. Nd1 Ng7 28. c3 Nf5 29. Ne3 Nxg3 30. fxg3 Kf7 31. Ng4 h5 32. Nxf6 exf6 33. Nc5 Rxe2+ 34. Rxe2 Rc7 35. a5 b6 36. Na4 bxa5 37. Re1 Rb7 38. Ra1 Rb5 39. Kf3 g5 40. Ke3 Ke6 41. Kd4 Kd6 42. Kd3 c5 43. Kc2 a6 44. b3 c4 45. bxc4 dxc4 46. Nb2 Rf5 47. Nxc4+ Kc5 48. Rxa5+ Kxc4 49. Rxf5 1-0

[Event "Late-Titled-Tuesday-Blitz-April-02-2024"]
[Site "Chess.com"]
[Date "2024.04.02"]
[Round "9"]
[White "Veganator13"]
[Black "steepedgames"]
[Result "1-0"]
[WhiteElo "2306"]
[BlackElo "2503"]
[TimeControl "180+1"]
[EndTime "15:42:07 PDT"]
[Termination "Veganator13 won by resignation"]

1. c4 f5 2. g3 Nf6 3. Bg2 e5 4. d4 Nc6 5. dxe5 Nxe5 6. Qc2 Bb4+ 7. Bd2 Bxd2+ 8. Nxd2 d6 9. Nh3 O-O 10. Nf4 c6 11. O-O Qb6 12. Rac1 Bd7 13. Nf3 Rad8 14.
c5 Qxc5 15. Qxc5 Nxf3+ 16. Bxf3 dxc5 17. Rxc5 Bc8 18. Nd3 Nd7 19. Rc2 Nb6 20. Nc5 f4 21. Rfc1 Bf5 22. Rc3 Rf7 23. Rb3 fxg3 24. hxg3 Bc8 25.
a4 Rd4 26. a5 Nd5 27. a6 b6 28.
Nb7 c5 29. Nxc5 bxc5 30. Rxc5 Be6 31. Rb8+ Rf8 32. Rb7 Rf7 33. Rb8+ Rf8 34. Rb7 Rf7 35. Rc6 Bf5 36. Rd6 Rd1+ 37. Kh2 Ne3 38. Rb8+ Rf8 39.
Rxd1 Nxd1 40. Bd5+ 1-0

[Event "Late-Titled-Tuesday-Blitz-April-02-2024"]
[Site "Chess.com"]
[Date "2024.04.02"]
[Round "9"]
[White "JACK_BAU3R"]
[Black "PetrolulSah"]
[Result "0-1"]
[WhiteElo "1883"]
[BlackElo "2222"]
[TimeControl "180+1"]
[EndTime "15:42:14 PDT"]
[Termination "PetrolulSah won on time"]

1. d4 d5 2. c3 Nf6 3. Bf4 Bf5 4. e3 e6 5. Bd3 Bxd3 6. Qxd3 c6 7. Nd2 Bd6 8. Bg3 O-O 9. f4 c5 10. Ngf3 Nc6 11.
Bh4 Qb6 12. Rb1 c4 13. Qe2 Kh8 14. O-O Qa5 15. Ne5 Qxa2 16. Bxf6 gxf6 17. Nd7 Rg8 18.
Nxf6 Rg6 19. Nd7 Rag8 20. g3 Qa5 21. Ne5 R6g7 22. e4 Qd8 23. Qf3 Qh4 24. Kh1 Bxe5 25. fxe5 Rxg3 26. Qxf7 Rg2 27. Nf3 Qh6 28. exd5 exd5 29.
Rg1 Rf8 30. Qxf8+ Qxf8 31. Rxg2 Qxf3 0-1

[Event "Late-Titled-Tuesday-Blitz-April-02-2024"]
[Site "Chess.com"]
[Date "2024.04.02"]
[Round "9"]
[White "Polish_fighter3000"]
[Black "Kacparov"]
[Result "1/2-1/2"]
[WhiteElo "3151"]
[BlackElo "2951"]
[TimeControl "180+1"]
[EndTime "15:42:15 PDT"]
[Termination "Game drawn by repetition"]

1. d4 Nf6 2. c4 e6 3. Nf3 b6 4. a3 Bb7 5. Bf4 d5 6. cxd5 Nxd5 7. Bg3 Nd7 8. Nbd2 N5f6 9. Rc1 c5 10. dxc5 Nxc5 11. b4 Nce4 12. Qa4+ Qd7 13. Qxd7+ Nxd7 14.
Nxe4 Bxe4 15. Nd2 Bb7 16. e4 Rc8 17. Rxc8+ Bxc8 18. Bb5 Bb7 19. Nc4 a6 20. Bxd7+ Kxd7 21. f3 f6 22. Nxb6+ Kc6 23. Bf2 a5 24. O-O axb4 25.
Rc1+ Kb5 26. axb4 Bxb4 27. Rc7 Rd8 28. g4 Bc6 29. Rxg7 Rd1+ 30. Kg2 Rd2 31. Kf1 Rd1+ 32. Kg2 Rd2 33. Kf1 Rd1+ 34. Kg2 1/2-1/2

[Event "Late-Titled-Tuesday-Blitz-April-02-2024"]
[Site "Chess.com"]
[Date "2024.04.02"]
[Round "9"]
[White "Rsnr"]
[Black "Grischuk"]
[Result "1-0"]
[WhiteElo "2891"]
[BlackElo "3050"]
[TimeControl "180+1"]
[EndTime "15:42:15 PDT"]
[Termination "Rsnr won on time"]

1. d4 e6 2. c4 Nf6 3. Nf3 d5 4. g3 Bb4+ 5. Bd2 Be7 6. Bg2 c6 7. O-O Nbd7 8. Qc2 Ne4 9. Nc3 Nxd2 10. Nxd2 O-O 11. Rfd1 Rb8 12. a3 a5 13. e4 dxc4 14. Nxc4 b5 15. Ne3 Qb6 16. Rac1 Rd8 17. d5 Ne5 18. Qe2 h6 19. h3 Bf8 20. Kh2 Bc5 21. Re1 Bxe3 22. Qxe3 Qxe3 23. Rxe3 b4 24. axb4 axb4 25.
Na4 Bd7 26. Nc5 1-0

[Event "Late-Titled-Tuesday-Blitz-April-02-2024"]
[Site "Chess.com"]
[Date "2024.04.02"]
[Round "9"]
[White "dennisodessa"]
[Black "TheMagician"]
[Result "1-0"]
[WhiteElo "2551"]
[BlackElo "2307"]
[TimeControl "180+1"]
[EndTime "15:42:18 PDT"]
[Termination "dennisodessa won on time"]

1. d4 Nf6 2. c4 g6 3. Nc3 Bg7 4. e4 d6 5. f3 Nc6 6. Be3 e5 7. d5 Nd4 8. Nge2 Nxe2 9. Bxe2 Nh5 10. Qd2 f5 11. exf5 gxf5 12. O-O-O O-O 13. Rhg1 b6 14. g4 fxg4 15. fxg4 Nf4 16. Ne4 Qe8 17. Ng3 Qa4 18. Kb1 a5 19. Nf5 Bxf5+ 20. gxf5 Rxf5 21. Bg4 Rf6 22. Be6+ Rxe6 23. dxe6 Qxc4 24. Bxf4 Qxf4 25. Qg2 Qf5+ 26.
Ka1 1-0

[Event "Late-Titled-Tuesday-Blitz-April-02-2024"]
[Site "Chess.com"]
[Date "2024.04.02"]
[Round "9"]
[White "gorgeous1083"]
[Black "UK_23"]
[Result "0-1"]
[WhiteElo "2248"]
[BlackElo "2398"]
[TimeControl "180+1"]
[EndTime "15:42:18 PDT"]
[Termination "UK_23 won on time"]

1. d4 d5 2. c4 e6 3. Nf3 Nf6 4. Nc3 Be7 5. Bf4 O-O 6. e3 Nbd7 7. Bd3 dxc4 8. Bxc4 a6 9. a4 b6 10. O-O Bb7 11.
Bd3 c5 12. Ne5 cxd4 13. exd4 Bb4 14. Bc2 Nxe5 15. Bxe5 Bxc3 16. bxc3 Qd5 17. f3 Nd7 18. Qd3 f5 19. Rfe1 Rac8 20. Qd2 Rfd8 21. Qg5 Nxe5 22. Rxe5 Qc4 23. Re3 Bd5 24. Rb1 b5 25. axb5 axb5 26.
Bd3 Qxc3 27. Bxf5 Qxd4 28. Bh3 h6 29. Qe5 Qxe5 30. Rxe5 Kf7 31. Re2 Bc4 32. Ree1 Rd2 33. Red1 Rcd8 34. Rxd2 Rxd2 35. Re1 Kf6 36. f4 g6 37. g3 Bd5 38. Kf1 b4 39. Re2 Bc4 40. Bxe6 Bxe2+ 0-1

[Event "Late-Titled-Tuesday-Blitz-April-02-2024"]
[Site "Chess.com"]
[Date "2024.04.02"]
[Round "9"]
[White "expii"]
[Black "KorolDimitriy75"]
[Result "0-1"]
[WhiteElo "2225"]
[BlackElo "2352"]
[TimeControl "180+1"]
[EndTime "15:42:18 PDT"]
[Termination "KorolDimitriy75 won by resignation"]

1. e4 c5 2. Nf3 d6 3. d4 cxd4 4. Nxd4 Nf6 5. Nc3 g6 6. g3 Nc6 7. Bg2 Nxd4 8. Qxd4 Bg7 9. Qd1 O-O 10. O-O Bg4 11. f3 Be6 12. Be3 Qa5 13. Qd2 Rfc8 14. Rad1 b5 15. a3 Rab8 16. Bd4 Rc4 17. b3 Nxe4 18.
Nxe4 Qxd2 19. Rxd2 Rxd4 20. Rfd1 Rxd2 21. Rxd2 Rc8 22. Bf1 a6 23. Bd3 Bb2 24. a4 bxa4 25. bxa4 a5 26. Kg2 Bc3 27. Rd1 Bb4 28. Rb1 Bd7 29.
Bb5 Rxc2+ 30. Kg1 Bh3 31. Nf2 Bc5 32. Rf1 Bxf1 0-1

[Event "Late-Titled-Tuesday-Blitz-April-02-2024"]
[Site "Chess.com"]
[Date "2024.04.02"]
[Round "9"]
[White "protectiago"]
[Black "teresin05"]
[Result "0-1"]
[WhiteElo "2059"]
[BlackElo "2273"]
[TimeControl "180+1"]
[EndTime "15:42:19 PDT"]
[Termination "teresin05 won on time"]

1. d4 d5 2. c4 c6 3. Nf3 Nf6 4. g3 Bf5 5. Nc3 h6 6. Bf4 e6 7. Bg2 Nbd7 8. O-O Be7 9. Qb3 Qb6 10.
Rfe1 O-O 11. h3 Ne4 12. g4 Bh7 13. Nxe4 Bxe4 14. e3 dxc4 15. Qxc4 Qxb2 16. g5 hxg5 17. Nxg5 Bxg2 18. Kxg2 Qb4 19. Qd3 g6 20. Rab1 Qa5 21. h4 b6 22. Rh1 Kg7 23. Qe4 Qd5 24. Rbc1 Bxg5 25. Qxd5 cxd5 26. hxg5 Rac8 27. Rxc8 Rxc8 28. Rh6 f6 29. gxf6+ Nxf6 30. Rh1 Rc2 31. Be5 g5 32. Bxf6+ Kxf6 33. Rh7 Rxa2 34. Rb7 Ra5 35. Kf3 b5 36. Kg4 a6 37. Rb8 Ra4 38. Rf8+ Ke7 39. Rg8 b4 40. Kxg5 b3 41. Rg7+ Kd6 42. Rb7 Ra3 43. Kf6 a5 44. f3 a4 45. e4 Ra2 46. e5+ Kc6 47. Rb8 b2 48. Kxe6 a3 49. f4 Ra1 50.
f5 b1=Q 51. Rxb1 Rxb1 52. f6 a2 53. f7 Rf1 0-1

[Event "Late-Titled-Tuesday-Blitz-April-02-2024"]
[Site "Chess.com"]
[Date "2024.04.02"]
[Round "9"]
[White "ansko1999"]
[Black "Duhless"]
[Result "0-1"]
[WhiteElo "2629"]
[BlackElo "3094"]
[TimeControl "180+1"]
[EndTime "15:42:20 PDT"]
[Termination "Duhless won on time"]

1. e4 c6 2. d4 d5 3. Nd2 g6 4. Ngf3 Bg7 5. Bd3 Nh6 6. c3 O-O 7. O-O f6 8. Re1 Nf7 9. h3 e5 10. dxe5 fxe5 11. Nf1 Nd7 12. Ne3 Nf6 13. Qc2 Nd6 14.
Nxe5 Nfxe4 15. f3 Qh4 16. Rf1 Ng3 17. N3g4 Bxg4 18. Nxg4 Nxf1 19. Kxf1 Rae8 20. Bd2 Nf5 21. Be1 Ng3+ 22. Kg1 h5 23. Nh2 Re6 24. Qf2 Rfe8 25. Qxg3 Rxe1+ 0-1

[Event "Late-Titled-Tuesday-Blitz-April-02-2024"]
[Site "Chess.com"]
[Date "2024.04.02"]
[Round "9"]
[White "Hikaru"]
[Black "AryanTari"]
[Result "1-0"]
[WhiteElo "3251"]
[BlackElo "2973"]
[TimeControl "180+1"]
[EndTime "15:42:22 PDT"]
[Termination "Hikaru won by resignation"]

1. d4 d5 2. Bg5 f6 3. Bf4 c5 4. e3 Nc6 5. Nf3 g5 6. Bg3 h5 7. h3 h4 8. Bh2 cxd4 9. exd4 Bf5 10. Bd3 Qd7 11. Nc3 Nh6 12. O-O e6 13. Nb5 Rc8 14. c4 Bxd3 15. Qxd3 Kf7 16. b3 Nf5 17. Rad1 Bb4 18.
a3 Ba5 19. c5 a6 20. Nd6+ Nxd6 21. Bxd6 Bc7 22. Bxc7 Qxc7 23. Rfe1 Qf4 24. Nh2 Rce8 25. b4 Ne7 26. Ng4 Nf5 27. a4 Nh6 28. Nxh6+ Rxh6 29. b5 axb5 30. axb5 g4 31. c6 bxc6 32. bxc6 Rg6 33. Rb1 Re7 34. Rb7 g3 35. f3 Rg8 36. Qh7+ 1-0

[Event "Late-Titled-Tuesday-Blitz-April-02-2024"]
[Site "Chess.com"]
[Date "2024.04.02"]
[Round "9"]
[White "Gabcur"]
[Black "AllStarShark"]
[Result "0-1"]
[WhiteElo "2351"]
[BlackElo "2525"]
[TimeControl "180+1"]
[EndTime "15:42:23 PDT"]
[Termination "AllStarShark won by resignation"]

1. d4 d5 2. Nc3 e6 3. Bf4 Bd6 4. e3 Nf6 5. Nf3 Bxf4 6. exf4 a6 7. Bd3 c5 8. dxc5 Qc7 9. Qd2 Qxc5 10. O-O O-O 11.
Ne2 Nc6 12. Ned4 Nxd4 13. Nxd4 Bd7 14. Rfe1 g6 15. c3 b5 16. Nf3 a5 17. Qe3 Qxe3 18. Rxe3 Rfc8 19. a3 b4 20. axb4 axb4 21. Rxa8 Rxa8 22.
cxb4 Rb8 23. b5 Bxb5 24. Bxb5 Rxb5 25. b3 Ne4 26. Kf1 Rb4 27. Ke1 Nc5 28. Nd2 Rxf4 29. f3 Rb4 30. Rc3 Nb7 31. Rc8+ Kg7 32. Kd1 Nd6 33. Ra8 Nf5 34. Kc1 Ne3 35. g3 h5 36.
Kb2 Rb7 37. Ra4 Rc7 38. b4 Rc2+ 0-1

[Event "Late-Titled-Tuesday-Blitz-April-02-2024"]
[Site "Chess.com"]
[Date "2024.04.02"]
[Round "9"]
[White "jcmesafischer"]
[Black "Szachulec75"]
[Result "0-1"]
[WhiteElo "2359"]
[BlackElo "2081"]
[TimeControl "180+1"]
[EndTime "15:42:24 PDT"]
[Termination "Szachulec75 won on time"]

1. e4 d6 2. d4 Nf6 3. Nc3 c6 4.
f4 Qb6 5. e5 Nd5 6. Ne4 dxe5 7.
fxe5 Bf5 8. Ng3 Bg6 9. c3 e6 10.
Bd3 c5 11. Bxg6 hxg6 12. Nf3 cxd4 13. Nxd4 Nc6 14. Nxc6 bxc6 15. Ne4 Rd8 16. Qf3 Rh5 17.
g4 Rxe5 18. Bg5 f6 19. O-O-O fxg5 20. Rhf1 Qe3+ 21. Qxe3 Nxe3 22. Rxd8+ Kxd8 23. Rxf8+ Ke7 24. Nc5 Rxc5 25. Ra8 Ra5 26. a3 Nxg4 27. b4 Rxa3 28. Kb2 Ra6 29. c4 Ne5 30. Kb3 Nd7 31. Rc8 Rb6 32.
Rc7 c5 33. b5 a6 34. Ka4 axb5+ 35. cxb5 c4 36. Ka5 c3 37. Rxc3 Rb8 38. Rc7 Kd6 39. Rc6+ Kd5 40. Rc7 Nb6 41. Rxg7 e5 42. Rxg6 Nc4+ 43. Kb4 Nd6 44. Rxg5 Rxb5+ 45. Ka4 Rb2 46. h4 Rh2 47. h5 Kd4 48. Kb4 e4 0-1

[Event "Late-Titled-Tuesday-Blitz-April-02-2024"]
[Site "Chess.com"]
[Date "2024.04.02"]
[Round "9"]
[White "Evgeny81"]
[Black "Shahdad2007"]
[Result "1-0"]
[WhiteElo "2762"]
[BlackElo "2602"]
[TimeControl "180+1"]
[EndTime "15:42:26 PDT"]
[Termination "Evgeny81 won by resignation"]

1. e4 c5 2. Nf3 e6 3. c3 d5 4.
exd5 Qxd5 5. d4 Nf6 6. Be2 Be7 7. O-O O-O 8. c4 Qd8 9. Nc3 b6 10. Bf4 Bb7 11. dxc5 Bxc5 12. Qxd8 Rxd8 13. Rfd1 Nc6 14. h3 Nd4 15. Nxd4 Bxd4 16. Rac1 e5 17. Bg5 Rd7 18.
Bxf6 gxf6 19. Nb5 Rad8 20. Bg4 f5 21. Rxd4 exd4 22. Bxf5 Re7 23. Rd1 Ba6 24. Bd3 Bxb5 25. cxb5 Rc7 26. g4 h6 27. Kg2 Rdc8 28. Re1 Rc1 29. Re7 Rd1 30. Bf5 Rd8 31. Rxa7 d3 32. Bxd3 R1xd3 33. Rb7 Rd1 34. Rxb6 R1d2 35. a4 Rxb2 36. a5 Rd5 37. a6 Rd7 38. Rb8+ Kg7 39. b6 Rdd2 40. a7 Rxf2+ 41. Kg3 Rg2+ 42. Kh4 Ra2 43. b7 Rxa7 44. Rg8+ Kxg8 45. b8=Q+ Kg7 46. Qxa7 Rf2 47. Qxf2 1-0

[Event "Late-Titled-Tuesday-Blitz-April-02-2024"]
[Site "Chess.com"]
[Date "2024.04.02"]
[Round "9"]
[White "jinxy2009"]
[Black "ATM622"]
[Result "0-1"]
[WhiteElo "2314"]
[BlackElo "2522"]
[TimeControl "180+1"]
[EndTime "15:42:26 PDT"]
[Termination "ATM622 won on time"]

1. e4 c6 2. d4 d5 3. e5 g6 4.
Nf3 Bg7 5. Be2 Bg4 6. O-O e6 7.
h3 Bxf3 8. Bxf3 Nd7 9. c4 Ne7 10. Nc3 Nf5 11. Re1 O-O 12. g3 dxc4 13. Ne4 Nb6 14. Be3 Nxe3 15. Rxe3 Nd5 16. Re1 Nb4 17. Nd6 Nd3 18. Re3 Qb6 19. Nxc4 Nxb2 20. Nxb2 Rad8 21. Nc4 Qxd4 22. Qxd4 Rxd4 23. Na5 Rb8 24. Rb1 Rc8 25.
Rxb7 Bh6 26. Ra3 Bf8 27. Rab3 Ra4 28. Nxc6 Rxa2 29. Rxa7 Rxa7 30. Nxa7 Rc2 31. Nb5 Bc5 32. Rc3 Bxf2+ 33. Kg2 Rb2 34. Kf1 Bxg3 35. Rc8+ Kg7 36. Nd4 Bxe5 0-1

[Event "Late-Titled-Tuesday-Blitz-April-02-2024"]
[Site "Chess.com"]
[Date "2024.04.02"]
[Round "9"]
[White "BogdanDeac"]
[Black "vladislavkovalev"]
[Result "1-0"]
[WhiteElo "3095"]
[BlackElo "2879"]
[TimeControl "180+1"]
[EndTime "15:42:30 PDT"]
[Termination "BogdanDeac won on time"]

1. d4 Nf6 2. c4 e6 3. Nc3 Bb4 4. Qc2 O-O 5. a3 Bxc3+ 6. Qxc3 b6 7. Bg5 Bb7 8. e3 h6 9. Bh4 d6 10. Ne2 Nbd7 11. Qc2 g5 12. Bg3 Ne4 13. f3 Nxg3 14. hxg3 Qf6 15. g4 e5 16. d5 e4 17. Qxe4 Rae8 18. Qd4 Qxd4 19. Nxd4 Rxe3+ 20. Kd2 Rfe8 21. b4 Nf8 22. Bd3 Ng6 23. Bxg6 fxg6 24. Ne6 R3xe6 25. dxe6 Kg7 26. Rae1 Re7 27. c5 dxc5 28. bxc5 Bd5 29. Kc3 bxc5 30. Re3 c6 31. g3 1-0

[Event "Late-Titled-Tuesday-Blitz-April-02-2024"]
[Site "Chess.com"]
[Date "2024.04.02"]
[Round "9"]
[White "Darkdefense15"]
[Black "Jahonas"]
[Result "0-1"]
[WhiteElo "2378"]
[BlackElo "2499"]
[TimeControl "180+1"]
[EndTime "15:42:31 PDT"]
[Termination "Jahonas won by resignation"]

1. d4 Nf6 2. Bf4 d6 3. Nc3 Nbd7 4. Nf3 c6 5. e4 Qc7 6. a4 e5 7. dxe5 dxe5 8. Be3 Bb4 9. Bd3 O-O 10. h3 Rd8 11.
O-O Nc5 12. Qe2 Nxd3 13. cxd3 Be6 14. Qc2 Rac8 15. d4 exd4 16. Nxd4 Bxc3 17. Nxe6 fxe6 18.
Qxc3 Nxe4 19. Qc4 Qe5 20. Rfe1 Qd5 21. Qb4 b6 22. Bxb6 axb6 23. Rxe4 c5 24. Qe1 Rc6 25. a5 b5 26. a6 Ra8 27. a7 Qd7 28. Rd1 Qe7 29.
Qa5 b4 30. Qb5 Qc7 31. Qc4 Rxa7 32. Rxe6 Kf8 33. Qf4+ Qxf4 34. Rxc6 Re7 35. Rxc5 Kf7 36. Rdd5 g6 37. Rd1 Re2 38. Rf1 Rxb2 39. Rb5 Rc2 0-1

[Event "Late-Titled-Tuesday-Blitz-April-02-2024"]
[Site "Chess.com"]
[Date "2024.04.02"]
[Round "9"]
[White "rcmz"]
[Black "Cluke86"]
[Result "1-0"]
[WhiteElo "2216"]
[BlackElo "2315"]
[TimeControl "180+1"]
[EndTime "15:42:32 PDT"]
[Termination "rcmz won on time"]

1. b4 c6 2. Bb2 a5 3. a3 Qb6 4.
e3 axb4 5. Bd4 c5 6. Bxc5 Qc7 7.
Bxb4 Nc6 8. Bc3 Nf6 9. f4 d5 10.
Nf3 Bg4 11. Bb5 e6 12. O-O Bc5 13. h3 Bxf3 14. Rxf3 O-O 15. Bxc6 bxc6 16. Bxf6 gxf6 17. Rg3+ Kh8 18. Kh2 Rg8 19. Rxg8+ Rxg8 20. d4 Bd6 21. Qd2 e5 22. fxe5 fxe5 23. Kh1 exd4 24. exd4 Bf4 25. Qe2 Qd7 26. Nd2 Re8 27. Qd3 Re3 28. Qf1 Qf5 29. Nf3 Qg6 30. Qf2 Re4 31. a4 Be3 32. Qf1 Qg3 33. a5 Bf4 34. Re1 Rxd4 35. a6 Ra4 36.
Ra1 Rxa1 37. Qxa1+ Kg8 38. a7 1-0

[Event "Late-Titled-Tuesday-Blitz-April-02-2024"]
[Site "Chess.com"]
[Date "2024.04.02"]
[Round "9"]
[White "Smiechu"]
[Black "xasid81"]
[Result "0-1"]
[WhiteElo "2506"]
[BlackElo "2656"]
[TimeControl "180+1"]
[EndTime "15:42:33 PDT"]
[Termination "xasid81 won on time"]

1. e4 e6 2. d4 d5 3. Bd3 c5 4.
exd5 Qxd5 5. Nf3 cxd4 6. O-O Nc6 7. c3 dxc3 8. Nxc3 Qd8 9. a3 Nf6 10. Qc2 Be7 11. Bf4 O-O 12. Rad1 Qa5 13. Ne4 Qh5 14. Ng3 Qg4 15. Bg5 Nd4 16. Nxd4 Qxg5 17. Ne4 Qh6 18.
Nb5 Nd5 19. Nc7 Nxc7 20. Qxc7 Bf6 21. Bb1 Bxb2 22. Rd3 e5 23. Rg3 Bf5 24. Qxb7 Rab8 25. Qd5 Bd4 26. Ba2 Be6 27. Qd6 Rb6 28. Qe7 Bxa2 29. h3 Rg6 30. Rd1 Bd5 31. Rxg6 Qxg6 32. Ng5 h6 33. Qd7 Qxg5 34. Qxd5 Qf6 0-1

[Event "Late-Titled-Tuesday-Blitz-April-02-2024"]
[Site "Chess.com"]
[Date "2024.04.02"]
[Round "9"]
[White "Bala-Afiada"]
[Black "elcala"]
[Result "0-1"]
[WhiteElo "1947"]
[BlackElo "1818"]
[TimeControl "180+1"]
[EndTime "15:42:36 PDT"]
[Termination "elcala won by resignation"]

1. d4 Nf6 2. c4 c5 3. d5 d6 4.
Nc3 g6 5. e4 Bg7 6. Nf3 Bg4 7.
Be2 O-O 8. Be3 Nbd7 9. Qd2 Bxf3 10. Bxf3 Ne5 11. Be2 Qa5 12. O-O Nfg4 13. Bg5 Qb4 14. Bxe7 Rfe8 15. Bxd6 Nxc4 16. Bxc4 Qxc4 17. Rac1 Bxc3 18.
Rxc3 Qxe4 19. f3 Qd4+ 20. Qxd4 cxd4 21. Rd3 Ne3 22. Re1 Rad8 23. Bf4 Nxd5 24. Rxe8+ Rxe8 25. Bh6 Ne3 26. Rxd4 Nf5 27. Rd7 Nxh6 28. Rxb7 Ra8 29. g4 Kg7 30. b4 Ng8 31. a4 Nf6 32. b5 Nd5 33. a5 Nc3 34. Kf2 Na4 35. Ke3 Nc5 36. Rc7 Ne6 37. Rb7 Nc5 38. Rc7 Nb3 39. b6 axb6 40. axb6 Rb8 41. Rc6 Na5 42. Rd6 Nc4+ 43.
Kd4 Nxd6 0-1

[Event "Late-Titled-Tuesday-Blitz-April-02-2024"]
[Site "Chess.com"]
[Date "2024.04.02"]
[Round "9"]
[White "LeninGuerra"]
[Black "MaestroCheck"]
[Result "1-0"]
[WhiteElo "2719"]
[BlackElo "2580"]
[TimeControl "180+1"]
[EndTime "15:42:41 PDT"]
[Termination "LeninGuerra won by resignation"]

1. e4 c5 2. Nf3 e6 3. b4 cxb4 4. a3 d5 5. e5 Nc6 6. Bd3 Nge7 7.
O-O Ng6 8. Re1 Be7 9. Bf1 d4 10. axb4 Bxb4 11. Na3 O-O 12. Nb5 a6 13. Bb2 Bc5 14.
Re4 Bd7 15. Nbxd4 Qb6 16. Bc3 Nxd4 17. Nxd4 Qc7 18. Nf3 Bc6 19. Rg4 Rfd8 20. Bd3 Bb5 21.
Be4 Bc6 22. Qe2 Bxe4 23. Qxe4 a5 24. h4 h6 25. h5 Ne7 26. Nh4 b5 27. Qf4 Kf8 28.
Qg3 b4 29. d4 bxc3 30. dxc5 Qxc5 31. Rxg7 Rd4 32. Rh7 Ke8 33. Rh8+ Kd7 34. Rxa8 Qd5 35. R8xa5 Rd1+ 36. Rxd1 Qxd1+ 37. Kh2 Qxc2 38. Ra7+ Ke8 39. Qg7 Qh7 40. Qxh7 1-0

[Event "Late-Titled-Tuesday-Blitz-April-02-2024"]
[Site "Chess.com"]
[Date "2024.04.02"]
[Round "9"]
[White "Kirill_Klukin"]
[Black "Koalaskakistis"]
[Result "1-0"]
[WhiteElo "2782"]
[BlackElo "2537"]
[TimeControl "180+1"]
[EndTime "15:42:41 PDT"]
[Termination "Kirill_Klukin won on time"]

1. d4 f5 2. Nf3 Nf6 3. g3 e6 4. Bg2 Be7 5. c4 O-O 6. Nc3 d6 7. O-O Ne4 8. Bd2 Nd7 9. Qc2 Nxd2 10. Nxd2 e5 11. dxe5 dxe5 12. Rfd1 c6 13. Nf1 Qc7 14. a3 a5 15. Rab1 Nb6 16. Na4 Nxa4 17.
Qxa4 Be6 18. Nd2 Rfd8 19. Qc2 Qb6 20. Bh3 g6 21. e4 Rf8 22. Nf3 Qc7 23. Re1 Bc5 24. Nh4 Qf7 25. exf5 gxf5 26. Rxe5 Bd4 27. Re2 Bxc4 28. Rd2 c5 29. Nxf5 Kh8 30. Nxd4 cxd4 31. Rxd4 b5 32. Rf4 Qg7 33. Rxf8+ Rxf8 34. Qc3 Qxc3 35.
bxc3 Rd8 36. Bf1 Rc8 37. Bxc4 Rxc4 38. Rxb5 a4 39. Rb4 Rxc3 40. Rxa4 1-0